 Dungeon Crawl Stone Soup version 0.22.1-2-g9c5b331 (webtiles) character file.

174 HoaS the Ruffian (level 5, -6/33 HPs)
             Began as a Gargoyle Berserker on Dec 30, 2018.
             Was a Priest of Trog.
             Killed by divine providence
             ... invoked by an orc priest
              (14 damage)
             ... on level 3 of the Dungeon.
             The game lasted 00:06:23 (1847 turns).

HoaS the Ruffian (Gargoyle Berserker)               Turns: 1847, Time: 00:06:24

Health: -6/33      AC: 10    Str: 21    XL:     5   Next: 54%
Magic:  5/5        EV: 11    Int:  7    God:    Trog [***...]
Gold:   161        SH:  0    Dex: 10    Spells: 4/4 levels left

rFire    . . .     SeeInvis .     - Unarmed
rCold    . . .     Gourm    .   (no shield)
rNeg     + . .     Faith    .   i - +0 ring mail
rPois    ∞         Spirit   .   (no helmet)
rElec    +         Reflect  .   g - +0 cloak
rCorr    .         Harm     .   (no gloves)
MR       ++...                  (no boots)
Stlth    ..........             (no amulet)
HPRegen  1.11/turn              (no ring)
MPRegen  0.09/turn              (no ring)

@: regenerating
A: negative energy resistance 1, electricity resistance, unbreathing,
petrification resistance, rot immunity, AC +4
a: Berserk, Trog's Hand, Renounce Religion


You were on level 3 of the Dungeon.
You worshipped Trog.
Trog was most pleased with you.
You were hungry.

You visited 1 branch of the dungeon, and saw 3 of its levels.

You collected 161 gold pieces.

Inventory:

Armour
 g - a +0 cloak (worn)
 i - a +0 ring mail (worn)
Jewellery
 f - a cursed ring of teleportation {unknown}
Wands
 h - a wand of flame (33)
Potions
 c - a potion of heal wounds {unknown}
 d - 2 potions of mutation {unknown}
 e - 5 potions of curing {unknown}
 j - a potion of degeneration {unknown}
Comestibles
 a - 8 chunks of flesh
 b - 6 rations


   Skills:
 + Level 4.1 Fighting
 + Level 3.2 Armour
 + Level 2.4 Dodging
 * Level 4.4 Unarmed Combat


You had 4 spell levels left.
You didn't know any spells.
Your spell library was empty.

Dungeon Overview and Level Annotations

Branches:
Dungeon (3/15)

Altars:
Kikubaaqudgha
Ru
Yredelemnul


Innate Abilities, Weirdness & Mutations

You are resistant to torment.
Your stone body is resilient. (AC +4)
You are immune to poison.
You resist negative energy. (rN+)
You are resistant to electric shocks. (rElec)
You can survive without breathing.
You are immune to petrification.
You are immune to rotting.


Message History

a flail; 2 poisoned needles An orc comes into view.
It is wielding a club.
The orc shouts!
The kobold shoots a poisoned needle.
The poisoned needle barely misses you.
You see here an orc corpse.
An adder and an orc priest come into view.
The orc priest shouts!
The adder hisses angrily.
The kobold unwields an uncursed blowgun.
The kobold wields an uncursed short sword.
The kobold closely misses you.
The orc priest moves out of view.
You closely miss the kobold. The kobold barely misses you.
The orc hits you but does no damage.
You closely miss the kobold. The kobold closely misses you.
Your skin crawls.
You feel resistant to hostile enchantments.
You are feeling hungry.
The orc barely misses you. The kobold closely misses you.
The orc priest invokes the aid of Beogh against you.
Beogh smites you!
You die...

#.# .## ..K
##..##.#.# # ...
##....#.# ###.# ..
#..###.# ..... ..
#..# #.# #.#.# #'
#########.)###.# #
#o #.......#.)....#
##.##.# #>##.#####
...##..o#.# #.##.#
#....SK@†)### #.##.#
#.........).# #.##.#
#...##.##.#.###.##.#
### #. #.#.....)..#
#. #.#####.#### #.
#.......# #.
######### #.


You could see an orc priest, an adder, an orc and a kobold.

Vanquished Creatures
  An orc priest (D:3)
  An orc wizard (D:3)
  Robin (D:3)
  2 adders
  2 worms (D:2)
  2 dart slugs (D:2)
  4 leopard geckos
  5 orcs (D:3)
  4 bats (D:1)
  4 giant cockroaches
  18 goblins
  5 hobgoblins
  7 kobolds
  4 frilled lizards
  9 rats
69 creatures vanquished.

Notes
Turn   | Place    | Note
-------+----------+-------------------------------------------
     0 | D:1      | HoaS the Gargoyle Berserker began the quest for the Orb.
     0 | D:1      | Reached XP level 1. HP: 14/14 MP: 1/1
   220 | D:1      | Reached XP level 2. HP: 15/19 MP: 2/2
   429 | D:1      | Reached ** piety under Trog
   445 | D:1      | Reached XP level 3. HP: 17/23 MP: 3/3
   939 | D:2      | Reached XP level 4. HP: 23/29 MP: 4/4
   947 | D:2      | Found a sacrificial altar of Ru.
  1009 | D:2      | Found an ancient bone altar of Kikubaaqudgha.
  1407 | D:3      | Found a basalt altar of Yredelemnul.
  1422 | D:3      | Noticed Robin
  1474 | D:3      | Killed Robin
  1737 | D:3      | Reached *** piety under Trog
  1793 | D:3      | Reached XP level 5. HP: 28/33 MP: 5/5
  1847 | D:3      | Killed from afar by an orc priest

Skill      XL: |  1  2  3  4 |
---------------+-------------+-----
Dodging        | 2 |  2.4
Unarmed Combat | 4 |  4.4
Armour         | 3 |  3.2
Fighting       | 4 |  4.1

Action                   |  1- 3 |  4- 6 || total
-------------------------+-------+-------++-------
Melee: Unarmed           |   121 |   145 ||   266
       Punch             |     3 |     2 ||     5
Invok: Berserk           |       |     1 ||     1
       Trog's Hand       |       |     1 ||     1
  Use: Scroll            |     2 |     4 ||     6
  Eat: Chunk             |       |     4 ||     4
Armor: Animal skin       |    27 |       ||    27
       Ring mail         |    12 |    87 ||    99
Dodge: Dodged            |    72 |   105 ||   177
